 Dungeon Crawl Stone Soup version 0.28.0-43-g3370ac3207 (webtiles) character file.

Game seed: 1640275453585567615

255 iamoutofideas the Chopper (level 6, -5/75 HPs)
             Began as a Hill Orc Gladiator on Mar 20, 2022.
             Slain by Duvessa
             ... wielding a +0 rapier
              (7 damage)
             ... on level 6 of the Dungeon.
             The game lasted 00:02:46 (2755 turns).

iamoutofideas the Chopper (Hill Orc Gladiator)      Turns: 2755, Time: 00:02:47

Health: -5/75      AC: 27    Str: 19    XL:     6   Next: 15%
Magic:  6/6        EV:  2    Int:  8    God:
Gold:   142        SH:  0    Dex: 12    Spells: 5/5 levels left

rFire   . . .      SeeInvis .   a - +0 war axe
rCold   . . .      Faith    .   (no shield)
rNeg    . . .      Spirit   .   (armour currently unavailable)
rPois   +          Reflect  .   (helmet currently unavailable)
rElec   .          Harm     .   (cloak currently unavailable)
rCorr   .          Rampage  .   (gloves currently unavailable)
Will    .....      NoTele   +   (boots currently unavailable)
Stlth   +.........              (no amulet)
HPRegen 0.22/turn               o - +4 ring of protection
MPRegen 0.10/turn               (no ring)

@: tree-form
A: stationary, stasis, torment immunity, boosted hp
a: Convert to Beogh


You were on level 6 of the Dungeon.
You were a tree.
You visited 1 branch of the dungeon, and saw 4 of its levels.

You collected 142 gold pieces.

Inventory:

Hand Weapons
 a - a +0 war axe (weapon)
 m - a +0 dagger
Missiles
 d - 3 throwing nets (quivered)
Armour
 b - a +0 leather armour
 c - a +0 helmet (melded)
 p - a +0 scale mail (melded)
Jewellery
 i - a ring of ice
 o - a +4 ring of protection (left branch)
Scrolls
 e - a scroll of fog {unknown}
 f - 3 scrolls of identify {unknown}
 h - a scroll of amnesia {unknown}
 j - a scroll of noise {unknown}
 q - a scroll of blinking {unknown}


   Skills:
 - Level 2.8 Fighting
 + Level 7.5 Axes
 - Level 2.1 Throwing
 - Level 1.7 Armour
 - Level 3.0 Dodging
 - Level 0.2 Stealth


You had 5 spell levels left.
You didn't know any spells.
Your spell library was empty.

Dungeon Overview and Level Annotations

Branches:
Dungeon (3/15)

Altars:

Shops:
D:1 [*[:[

Annotations:
D:6 Duvessa


Message History

The orc priest hits you but does no damage.
The orc wizard hits you but does no damage.
You hit the orc priest but do no damage.
The orc priest is severely wounded.
The orc priest shouts, "Beogh is our master!
Accept the truth or die!"
You hit the orc wizard.
The orc priest hits you but does no damage.
The orc wizard points at you and mumbles some strange words.
The magic dart hits you but does no damage.
Unknown command.
You hit the orc priest.
You kill the orc priest!
You closely miss the orc wizard. Duvessa says, "Did you see that move?
Perfect!"
The orc wizard hits you but does no damage.
Your Axes skill increases to level 7!
You have reached level 6!
You hit the orc wizard but do no damage.
The orc wizard is severely wounded.
The orc wizard points at you and mumbles some strange words.
The puff of flame hits you but does no damage.
You miss the orc wizard.
The orc wizard is severely wounded.
The orc wizard gestures at you while chanting.
The magic dart hits you but does no damage.
You hit the orc wizard.
You kill the orc wizard!
You hit Duvessa but do no damage. Duvessa completely misses you.
Duvessa hits you but does no damage.
You barely miss Duvessa. Duvessa hits you with a +0 rapier.
* * * LOW HITPOINT WARNING * * *
You barely miss Duvessa. Duvessa hits you with a +0 rapier!
* * * LOW HITPOINT WARNING * * *
You hit Duvessa but do no damage. You punch Duvessa, but do no damage.
Duvessa hits you but does no damage.
Unknown command.
You aren't carrying any potions.
You aren't carrying any items that you can evoke.
You hit Duvessa but do no damage. Duvessa hits you with a +0 rapier!
You die...

....... ..#... .e.
.# # #.#..#
#.##.##)#..#
#...o).Z...#
......##.##.#
.#|########.##.#
......)♣eZo...[#
##.########......#
######.# #


You could see Duvessa, an orc priest and a hornet zombie.

Vanquished Creatures
  A jelly (D:6)
  An orc priest (D:6)
  An iguana (D:6)
  An orc wizard (D:6)
  6 adders (D:2)
  2 worms (D:2)
  5 dart slugs
  2 orcs (D:6)
  3 endoplasms
  A giant cockroach (D:3)
  4 goblins
  6 hobgoblins
  3 jackals (D:1)
  5 kobolds
  8 quokkas
  11 ball pythons
  7 bats
  4 frilled lizards (D:1)
  6 rats
77 creatures vanquished.

Vanquished Creatures (others)
  A plant (D:1)
1 creature vanquished.

Grand Total: 78 creatures vanquished

Notes
Turn   | Place    | Note
-------+----------+-------------------------------------------
     0 | D:1      | iamoutofideas the Hill Orc Gladiator began the quest for
                  | the Orb.
     0 | D:1      | Reached XP level 1. HP: 18/18 MP: 1/1
    38 | D:1      | Found Xoinausi's Book Shop.
   107 | D:1      | Found Dash's Antique Armour Boutique.
   118 | D:1      | Reached XP level 2. HP: 25/25 MP: 2/2
   411 | D:1      | Found Rossumam's Assorted Antiques.
   532 | D:1      | Found Funops's Antique Armour Shop.
   567 | D:1      | Reached XP level 3. HP: 30/30 MP: 3/3
   775 | D:1      | Found a faded altar of an unknown god.
   902 | D:1      | Found Totuc's Antique Armour Shoppe.
  1238 | D:2      | Reached skill level 5 in Axes
  1392 | D:2      | Reached skill level 1 in Armour
  1462 | D:2      | Reached XP level 4. HP: 37/37 MP: 4/4
  1980 | D:2      | Reached XP level 5. HP: 20/44 MP: 5/5
  2555 | D:3      | Reached skill level 6 in Axes
  2722 | D:3      | You fall into a shaft and drop 3 floors!
  2725 | D:6      | Noticed Duvessa
  2737 | D:6      | HP: 1/44 [acid (3)]
  2748 | D:6      | Reached skill level 7 in Axes
  2748 | D:6      | Reached XP level 6. HP: 13/50 MP: 6/6
  2753 | D:6      | HP: 1/75 [Duvessa/+0 rapier (10)]
  2755 | D:6      | Slain by Duvessa

Illustrated notes

Levels and vault maps discovered:
D:1:      lemuel_arrival_behind_the_door_small, layout_basic,
          chequers_ecumenical_altar_island, serial_shops,
          nicolae_shop_advertising_works [nicolae_subvault_shop_adworks], shop,
          nicolae_shop_overgrown_old_shop, nicolae_shop_hallway_stairs,
          nicolae_shop_trees, minmay_misc_feat_doors, minmay_tall_x
D:2:      minmay_razor_zed, layout_basic
D:3:      layout_rooms, grunt_decor_mini_mirrors, uniq_natasha
D:6:      gammafunk_wand_slinger, layout_loops_ring, uniq_menkaure, uniq_duvessa

Skill      XL: |  1  2  3  4  5 |
---------------+----------------+-----
Throwing       | 2 |  2.1
Axes           | 5 7 |  7.5
Armour         | 1 |  1.7
Dodging        | 3 |  3.0
Fighting       | |  2.8
Stealth        | |  0.2

Action                   |  1- 3 |  4- 6 || total
-------------------------+-------+-------++-------
Melee: War axe           |    99 |   105 ||   204
       Punch             |     3 |     1 ||     4
  Use: Potion            |       |     4 ||     4
Armor: Leather armour    |    46 |    35 ||    81
       Skin              |       |    16 ||    16
       Scale mail        |       |     7 ||     7
Dodge: Dodged            |    76 |    70 ||   146
